 Dungeon Crawl Stone Soup version 0.28.0 (webtiles) character file.

Game seed: 12055299166412261537

1079 mortz the Magician (level 8, -10/52 HPs)
             Began as a Djinni Conjurer on Feb 14, 2022.
             Was an Initiate of Makhleb.
             Mangled by an orc warrior (20 damage)
             ... on level 5 of the Dungeon.
             The game lasted 00:41:44 (4940 turns).

mortz the Magician (Djinni Conjurer)                Turns: 4940, Time: 00:41:45

Health: -10/52     AC:  2    Str:  6    XL:     8   Next: 54%
Gold:   63         EV: 13    Int: 21    God:    Makhleb [......] SH:  0 Dex: 13

rFire   + + .      SeeInvis .   z - +2 mace (protect)
rCold   x . .      Faith    .   (no shield)
rNeg    . . .      Spirit   .   a - +0 robe
rPois   ∞          Reflect  .   (no helmet)
rElec   .          Harm     .   (no cloak)
rCorr   +          Rampage  .   (no gloves)
Will    .....                   (boots unavailable)
Stlth   ++........              o - amulet of regeneration
HPRegen 0.97/turn               j - ring of wizardry
MPRegen 0.00/turn               f - ring of resist corrosion

@: flying
A: sickness immunity, fire resistance 2, cold vulnerability 1, float, innate
caster, HP casting, extra vitality 1
a: Renounce Religion


You were on level 5 of the Dungeon.
You worshipped Makhleb.
Makhleb was noncommittal.
You visited 2 branches of the dungeon, and saw 6 of its levels.

You collected 63 gold pieces.

Inventory:

Hand Weapons
 h - a +3 whip
 k - a +1 dagger of venom
 l - a +2 vorpal mace
 n - a +0 scythe of venom
 y - a +1 dire flail of draining
 z - a +2 mace of protection (weapon)
Missiles
 s - 4 curare-tipped darts
Armour
 a - a +0 robe (worn)
Jewellery
 f - a ring of resist corrosion (right hand)
 j - a ring of wizardry (left hand)
 o - an amulet of regeneration (around neck)
Wands
 d - a wand of polymorph (13)
 x - a wand of iceblast (7)
Scrolls
 c - a scroll of immolation {unknown}
 g - a scroll of brand weapon {unknown}
 i - a scroll of teleportation {unknown}
 m - a scroll of blinking {unknown}
 p - a scroll of identify {unknown}
 r - a scroll of fear {unknown}
 t - a scroll of torment {unknown}
 v - a scroll of noise {unknown}
Potions
 b - 2 potions of resistance {unknown}
 e - a potion of curing {unknown}
 q - a potion of brilliance {unknown}
 u - a potion of attraction {unknown}
 w - a potion of might {unknown}


   Skills:
 + Level 1.1 Fighting
 + Level 0.5 Maces & Flails
 + Level 3.2 Dodging
 + Level 3.3 Stealth
 + Level 7.2 Spellcasting


You had one spell level left.
You knew the following spells:

 Your Spells              Type           Power      Damage    Failure   Level
a - Magic Dart            Conj           100%       1d8       1%          1
b - Searing Ray           Conj           76%        2d7       1%          2
c - Dazzling Flash        Conj/Hex       76%        N/A       1%          3
d - Fulminant Prism       Conj/Hex       19%        3d11      1%          4
e - Iskenderun's Mystic   Conj/Tloc      38%        2d9       1%          4
f - Slow                  Hex            100%       N/A       1%          1
g - Scorch                Fire           76%        2d8       1%          2
h - Spider Form           Tmut/Pois      38%        N/A       1%          3
Your spell library was empty.

Dungeon Overview and Level Annotations

Branches:
Dungeon (5/15)             Temple (1/1) D:5

Altars:
Ashenzari
Cheibriados
Dithmenos
Elyvilon
Gozag
Hepliaklqana
Kikubaaqudgha
Makhleb
Nemelex Xobeh
Okawaru
Qazlal
Sif Muna
Trog
Uskayaw
Vehumet
Yredelemnul
Zin
The Shining One

Shops:
D:1 !   D:3 [


Innate Abilities, Weirdness & Mutations

You are immune to sickness and miasma.
You are immune to poison.
Your flesh is very heat resistant. (rF++)
You are vulnerable to cold. (rC-)
You float through the air rather than walking.
You learn spells naturally, not from books.
Your magical power is your life essence.
You have superior vitality. (+4 MHP)


Message History

Press: ? - help, Q - select action, (/) - cycle Shift-Dir - straight line, f - ogre
Aim: an ogre, wielding a +0 giant spiked club (almost dead, 100% to hit)
The magic dart hits the ogre.
The ogre is almost dead.
You hear a shout!
The orc warrior hits you with a +0 mace!
Aiming: Magic Dart (safe; 1% risk of failure)
Press: ? - help, Q - select action, (/) - cycle Shift-Dir - straight line, f/p - ogre
Aim: an ogre, wielding a +0 giant spiked club (almost dead, 100% to hit)
The magic dart hits the ogre.
You kill the ogre!
Makhleb accepts your kill. The orc warrior barely misses you.
Aiming: Magic Dart (safe; 1% risk of failure)
Press: ? - help, Q - select action, (/) - cycle Shift-Dir - straight line, f - orc warrior
Aim: an orc warrior, wielding a +0 mace and wearing a +0 plate armour (100% to hit)
The magic dart hits the orc warrior.
The orc warrior is lightly wounded.
The orc warrior closely misses you.
A scorpion comes into view.
Aiming: Magic Dart (safe; 1% risk of failure)
Press: ? - help, Q - select action, (/) - cycle Shift-Dir - straight line, f/p - orc warrior
Aim: an orc warrior, wielding a +0 mace and wearing a +0 plate armour (lightly wounded, 100% to hit)
The magic dart hits the orc warrior.
The orc warrior is lightly wounded.
The orc warrior misses you.
Aiming: Magic Dart (safe; 1% risk of failure)
Press: ? - help, Q - select action, (/) - cycle Shift-Dir - straight line, f/p - orc warrior
Aim: an orc warrior, wielding a +0 mace and wearing a +0 plate armour (lightly wounded, 100% to hit)
The magic dart hits the orc warrior but does no damage.
The orc warrior is lightly wounded.
An orc wizard comes into view. It is wielding a +0 dagger.
The orc warrior hits you with a +0 mace!!
* * * LOW HITPOINT WARNING * * *
You barely miss the orc warrior.
The orc warrior is lightly wounded.
You hear the quick hiss of an avalanche of sand nearby.
The orc warrior misses you.
The orc warrior hits you with a +0 mace!!
You die...

.
############
....#.....
...#.... #
#!.#..# #
#$o#..# #
#..s).# #
#..@o.# #
#######
..... .....#
###..# ..#
.# #


You could see an orc warrior, a scorpion and an orc wizard.

Vanquished Creatures
  Sigmund (D:3)
  Edmund (D:5)
  A sky beast (D:5)
  A necrophage (D:4)
  2 ogres
  A water moccasin skeleton (D:5)
  2 hounds
  3 orc priests
  A bullfrog skeleton (D:5)
  A hound skeleton (D:5)
  4 gnolls (D:3)
  8 adders
  A shadow imp (D:5)
  An adder skeleton (D:5)
  A worm (D:2)
  A dart slug (D:2)
  9 orcs
  8 ball pythons
  5 bats
  5 endoplasms
  A giant cockroach (D:1)
  12 goblins
  3 hobgoblins (D:2)
  2 jackals (D:3)
  7 kobolds
  3 quokkas
  6 frilled lizards
  6 rats
97 creatures vanquished.

Vanquished Creatures (others)
  5 fulminant prisms
5 creatures vanquished.

Grand Total: 102 creatures vanquished

Notes
Turn   | Place    | Note
-------+----------+-------------------------------------------
     0 | D:1      | mortz the Djinni Conjurer began the quest for the Orb.
     0 | D:1      | Reached XP level 1. HP: 15/15 MP: 0/0
   307 | D:1      | Reached XP level 2. HP: 17/21 MP: 0/0
   589 | D:2      | Reached XP level 3. HP: 11/25 MP: 0/0
   589 | D:2      | Learned a level 1 spell: Slow
   978 | D:1      | Found Voutuag's Distillery.
  1050 | D:1      | Found a faded altar of an unknown god.
  1247 | D:1      | Reached skill level 4 in Spellcasting
  1745 | D:2      | Reached XP level 4. HP: 26/31 MP: 0/0
  2546 | D:3      | Reached XP level 5. HP: 27/35 MP: 0/0
  2546 | D:3      | Learned a level 2 spell: Scorch
  3147 | D:3      | Found Jilirru's Antique Armour Boutique.
  3235 | D:3      | Reached skill level 5 in Spellcasting
  3388 | D:3      | Noticed Sigmund
  3394 | D:3      | Killed Sigmund
  3395 | D:3      | Reached XP level 6. HP: 22/40 MP: 0/0
  4192 | D:4      | Reached XP level 7. HP: 44/45 MP: 0/0
  4192 | D:4      | Learned a level 3 spell: Spider Form
  4207 | D:4      | Reached skill level 6 in Spellcasting
  4414 | D:5      | Entered Level 5 of the Dungeon
  4435 | D:5      | Reached XP level 8. HP: 44/51 MP: 0/0
  4458 | D:5      | Noticed Edmund
  4471 | D:5      | HP: 2/51 [Edmund (3)]
  4474 | D:5      | Killed Edmund
  4525 | D:5      | Found a staircase to the Ecumenical Temple.
  4530 | Temple   | Entered the Ecumenical Temple
  4811 | Temple   | Became a worshipper of Makhleb the Destroyer
  4872 | D:5      | Reached skill level 7 in Spellcasting
  4935 | D:5      | Reached skill level 1 in Fighting
  4940 | D:5      | Mangled by an orc warrior

Illustrated notes

Levels and vault maps discovered:
D:1:      matt_arrival_los_fun, layout_loops_corners, serial_shops,
          nicolae_shop_crystal, dilly_ecumenical_altar_fadedgnrine
D:2:      layout_loops_ring, minivault_14
D:3:      layout_basic, serial_shops, nicolae_square_shop,
          lightli_sewer_entry_pipes, uniq_sigmund
D:4:      layout_rooms, serial_shops, nicolae_shop_trees
D:5:      kennysheep_windowed_halls, layout_rooms,
          minmay_temple_entry_statues_pillars, enter_ossuary_1, uniq_edmund
Temple:   mainiacjoe_temple_trianglar_array

Skill      XL: |  1  2  3  4  5  6  7  8 |
---------------+-------------------------+-----
Spellcasting   | 4 5 6 7 |  7.2
Stealth        | 2 3 |  3.3
Dodging        | 3 |  3.2
Fighting       | 1 |  1.1
Maces & Flails | |  0.5

Action                   |  1- 3 |  4- 6 |  7- 9 || total
-------------------------+-------+-------+-------++-------
Melee: Mace              |       |     3 |     3 ||     6
 Cast: Magic Dart        |    59 |    95 |    60 ||   214
       Searing Ray       |       |     2 |     8 ||    10
       Fulminant Prism   |       |       |     5 ||     5
Armor: Robe              |     2 |     3 |     6 ||    11
Dodge: Dodged            |     5 |     7 |    33 ||    45
